 Dungeon Crawl Stone Soup version 0.29-a0-819-g94b489e0ae (webtiles) character file.

Game seed: 13561444919830076121

573 Querens the Covered (level 7, -1/61 HPs)
             Began as a Meteoran Fighter on July 6, 2022.
             Slain by a hornet zombie (2 damage)
             ... in an ossuary.
             The game lasted 00:05:58 (1684 turns).

Querens the Covered (Meteoran Fighter)              Turns: 1684, Time: 00:05:59

Health: -1/61      AC: 16    Str: 19    XL:     7   Next: 92%
Magic:  8/8        EV:  5    Int:  9    God:
Gold:   165        SH: 10    Dex: 15    Spells: 6/6 levels left

rFire   . . .      SeeInvis .   a - +0 war axe
rCold   . . .      Faith    .   c - +0 buckler
rNeg    + . .      Spirit   .   u - +0 plate armour
rPois   .          Reflect  +   o - +0 helmet
rElec   .          Harm     .   n - +0 cloak
rCorr   .          Rampage  .   (no gloves)
Will    .....                   h - +0 pair of boots
Stlth   ..........              w - amulet of reflection
HPRegen 0.20/turn               k - ring of positive energy
MPRegen 0.11/turn               (no ring)

@: glowing
A: sense surroundings 1, otherworldly, glowing, explore regen
a: no special abilities


You were in an ossuary.
You visited 1 branch of the dungeon, and saw 4 of its levels.
You also visited: Ossuary.

You collected 165 gold pieces.

Inventory:

Hand Weapons
 a - a +0 war axe (weapon)
Armour
 c - a +0 buckler (worn)
 h - a +0 pair of boots (worn)
 n - a +0 cloak (worn)
 o - a +0 helmet (worn)
 u - a +0 plate armour (worn)
Jewellery
 b - a ring of ice
 k - a ring of positive energy (left hand)
 w - an amulet of reflection (around neck)
Wands
 t - a wand of iceblast (5)
Scrolls
 e - a scroll of fear {unknown}
 f - 2 scrolls of teleportation {unknown}
 j - 5 scrolls of identify {unknown}
 l - 2 scrolls of blinking {unknown}
 m - a scroll of poison {unknown}
 p - a scroll of immolation {unknown}
 q - a scroll of noise {unknown}
 r - 2 scrolls of enchant armour {unknown}
 x - 3 scrolls of fog {unknown}
Potions
 d - 2 potions of might
 g - a potion of invisibility {unknown}
 i - a potion of haste {unknown}
 s - 4 potions of heal wounds {unknown}
 v - a potion of attraction {unknown}
 z - a potion of brilliance {unknown}
 A - 2 potions of curing {unknown}
 B - a potion of resistance {unknown}


   Skills:
 + Level 5.3 Fighting
 + Level 5.1 Axes
 + Level 5.8 Armour
 + Level 5.8 Shields


You had 6 spell levels left.
You didn't know any spells.
Your spell library contained the following spells:

 Spells                   Type           Power      Damage    Failure   Level
 Necrotise                Necr           0%         1d4       100%        1
 Tukima's Dance           Hex            0%         N/A       100%        3
 Vampiric Draining        Necr           0%         2d6       100%        3
 Passage of Golubria      Tloc           0%         N/A       100%        4
 Agony                    Necr           0%         N/A       100%        5
 Yara's Violent Unravell  Hex/Tmut       0%         3d3       100%        5


Dungeon Overview and Level Annotations

Branches:
Dungeon (4/15) Zot: 898   Ossuary (1/1) Zot: 320
 Temple: D:4-7

Altars:
Elyvilon
Makhleb
Sif Muna
Zin


Innate Abilities, Weirdness & Mutations

You passively map a small area around you.
You are easily found by Zot.
You glow in the dark.
You regain HP and MP as you explore.


Message History

You block the mummy's attack.
You closely miss the mummy.
The mummy is almost destroyed.
The mummy completely misses you.
You slash the mummy!
You destroy the mummy!
There is an open door here.
You open the door.
A hornet zombie comes into view.
You hit the hornet zombie.
The hornet zombie is lightly damaged.
The hornet zombie hits you but does no damage.
The hornet zombie hits you!
You barely miss the hornet zombie.
The hornet zombie is lightly damaged.
The hornet zombie barely misses you. The hornet zombie hits you!
You slash the hornet zombie!
The hornet zombie is moderately damaged.
You block the hornet zombie's attack.
You barely miss the hornet zombie.
The hornet zombie is moderately damaged.
You block the hornet zombie's attack. x2
You barely miss the hornet zombie.
The hornet zombie is moderately damaged.
The hornet zombie hits you but does no damage.
You hit the hornet zombie.
The hornet zombie is heavily damaged.
You block the hornet zombie's attack. The hornet zombie hits you!
* * * LOW HITPOINT WARNING * * *
You closely miss the hornet zombie.
The hornet zombie is heavily damaged.
The hornet zombie hits you.
* * * LOW HITPOINT WARNING * * *
The hornet zombie hits you but does no damage.
You barely miss the hornet zombie.
The hornet zombie is heavily damaged.
The hornet zombie hits you!
* * * LOW HITPOINT WARNING * * *
The hornet zombie hits you.
You die...

** ### ## ## #.# #.
.#,# #+#+#'#+#Z#'#'#
+.........@...+,
#.##'##'##'##.#
+.#...# #...#.'
#.#...# #...#.#
+.#...# #...#M'
####.#####'#####.#*
#≈P≈.≈....... ,..'
#≈##.#####'#####.###
#≈P≈≈#..∩# #...#M'.#


You could see a hornet zombie.

Vanquished Creatures
  2 water moccasin zombies (Ossuary)
  3 bullfrog zombies (Ossuary)
  2 killer bee zombies (Ossuary)
  14 mummies (Ossuary)
  A howler monkey zombie (Ossuary)
  2 adders
  A worm (D:2)
  3 ball pythons
  5 bats
  4 endoplasms
  A giant cockroach (D:2)
  4 goblins (D:3)
  3 hobgoblins
  9 jackals
  3 kobolds
  3 quokkas
  2 frilled lizards
  2 rats
64 creatures vanquished.

Vanquished Creatures (others)
  2 withered plants (Ossuary)
2 creatures vanquished.

Grand Total: 66 creatures vanquished

Notes
Turn   | Place    | Note
-------+----------+-------------------------------------------
     0 | D:1      | Querens the Meteoran Fighter began the quest for the Orb.
     0 | D:1      | Reached XP level 1. HP: 19/19 MP: 2/2
   318 | D:1      | Reached XP level 2. HP: 23/26 MP: 3/3
   330 | D:1      | Found a faded altar of an unknown god.
   482 | D:1      | Glimpsed the power of Zot.
   532 | D:1      | Glimpsed the power of Zot.
   594 | D:2      | Reached XP level 3. HP: 27/31 MP: 4/4
   714 | D:2      | Found a glowing silver altar of Zin.
   935 | D:3      | Reached XP level 4. HP: 40/40 MP: 5/5
  1142 | D:3      | Found a shimmering blue altar of Sif Muna.
  1142 | D:3      | Found a burning altar of Makhleb.
  1145 | D:3      | Found a white marble altar of Elyvilon.
  1447 | D:4      | Found a sand-covered staircase.
  1452 | Ossuary  | Entered an ossuary
  1466 | Ossuary  | Reached XP level 5. HP: 36/46 MP: 6/6
  1472 | Ossuary  | Reached XP level 6. HP: 34/53 MP: 7/7
  1480 | Ossuary  | Reached skill level 5 in Armour
  1480 | Ossuary  | Reached skill level 5 in Shields
  1508 | Ossuary  | Reached XP level 7. HP: 10/60 MP: 8/8
  1530 | Ossuary  | Reached skill level 5 in Fighting
  1562 | Ossuary  | Reached skill level 5 in Axes
  1684 | Ossuary  | HP: 1/61 [hornet zombie (7)]
  1684 | Ossuary  | Slain by a hornet zombie

Illustrated notes

Levels and vault maps discovered:
D:1:      dpeg_arrival_boxes_within_box, layout_basic,
          hellmonk_ecumenical_altar_dog_temple, hex_tiny,
          minmay_misc_feat_secret_circle
D:2:      layout_rooms, basic_altar
D:3:      layout_loops_ring, minitemple, minmay_misc_feat_tower
D:4:      layout_loops_corners, grunt_temple_overflow_gold_and_silver,
          minmay_overflow_temple_hex, enter_ossuary_2, serial_co_window_serial,
          co_window_paths_a, co_window_paths_a, co_window_of_opportunity_a,
          co_window_corner_a, co_window_paths_a, co_window_broadway_b,
          co_window_corner_cb, co_window_of_opportunity_c, co_window_paths_e,
          co_window_paths_d, glass_columns_b, minmay_shop_damaged, uniq_menkaure
Ossuary:  ossuary_zaba_flooded

Skill      XL: |  1  2  3  4  5  6  7 |
---------------+----------------------+-----
Armour         | 4 5 |  5.8
Shields        | 4 5 |  5.8
Axes           | 3 4 5 |  5.1
Fighting       | 4 5 |  5.3

Action                   |  1- 3 |  4- 6 |  7- 9 || total
-------------------------+-------+-------+-------++-------
Melee: War axe           |    73 |    92 |    49 ||   214
Evoke: Wand              |       |       |     4 ||     4
  Use: Potion            |       |     1 |       ||     1
Armor: Scale mail        |    46 |    42 |       ||    88
       Plate armour      |       |    41 |    26 ||    67
       Skin              |       |    35 |     3 ||    38
Dodge: Dodged            |    34 |    43 |     6 ||    83
Block: Buckler           |    23 |    35 |    16 ||    74

Table legend: (Time is in decaauts)
 A = Elapsed time spent in this place.
 B = Non-inter-level travel time spent in this place.
 C = Inter-level travel time spent in this place.
 D = Time resting spent in this place.
 E = Time spent auto-exploring this place.
 F = Levels seen in this place.
 G = Mean time per level.
                   A        B        C        D        E       F      G
               +--------+--------+--------+--------+--------+-----+--------+
         Total |   1779 |   1686 |     93 |     10 |      0 |   5 |  355.8 |
       Dungeon |   1501 |   1408 |     93 |      0 |      0 |   4 |  375.2 |
       Ossuary |    278 |    278 |      0 |     10 |      0 |   1 |  278.0 |
               +--------+--------+--------+--------+--------+-----+--------+

Top non-repeatable levels by time:
     D:3: 570 daAuts
     D:1: 556 daAuts
     D:2: 359 daAuts
 Ossuary: 278 daAuts
     D:4: 13 daAuts
